Map: King's Cove LE

Players

Kel - Winner!

  • Race: Zerg Zerg
  • Spawn Location: 5:00

CmeTanKa

  • Race: Terran Terran
  • Spawn Location: 11:00

Event: 2019 WCS Spring

VOD

Have the link to the VOD?

Description

Time

  • Played on: May 17, 2019, 8:01 a.m.
  • Length: 4:45

All games in this series

Show
View Real Time Build Order
Export as new Build Order

Kel Zerg - Winner!

Build Orders: Hatch First, Zergling Baneling 

Get SALT Encoding   

  12  0:01  Drone  
  13  0:13  Overlord  
  13  0:19  Drone  
  14  0:32  Drone x2  
  16  0:38  Drone  
  17  0:56  Hatchery  
  16  1:01  Drone  
  16  1:02  Drone  
  18  1:05  Extractor  
  17  1:21  Spawning Pool  
  17  1:25  Drone  
  17  1:26  Drone  
  18  1:38  Drone  
  19  1:49  Overlord  
  19  2:08  Queen  
  21  2:09  Queen  
  21  2:10  Zergling x4  
  21  2:15  Metabolic Boost  
  25  2:20  Zergling x2  
  26  2:27  Drone  
  26  2:28  Drone  
  26  2:29  Drone  
  29  2:37  Drone x2  
  31  2:53  Overlord  
  31  2:55  Zergling x6  
  34  3:02  Baneling Nest  
  34  3:04  Overlord  
  33  3:12  Zergling x2  
  34  3:15  Zergling x4  
  34  3:16  Zergling x2  
  34  3:17  Zergling x2  
  38  3:22  Zergling x2  
  39  3:30  Zergling x8  
  42  3:40  Zergling x4  
  42  3:51  Zergling x8  
  46  3:59  Zergling x4  
  46  4:00  Zergling x6  
  46  4:01  Baneling  
  50  4:10  Baneling x7  
  50  4:15  Overlord  
  50  4:19  Baneling  
  50  4:20  Baneling x2  
  50  4:24  Zergling x4  
Show
View Real Time Build Order
Export as new Build Order

CmeTanKa Terran 

Build Orders:  

Get SALT Encoding   

  12  0:00  SCV  
  13  0:13  SCV  
  14  0:18  Supply Depot  
  14  0:25  SCV  
  15  0:29  Refinery  
  15  0:40  SCV  
  16  0:47  Barracks  
  16  0:52  SCV  
  17  1:04  SCV  
  18  1:16  SCV  
  20  1:35  Reaper, Orbital Command  
  20  1:50  Command Center  
  20  2:00  SCV  
  21  2:05  Factory  
  21  2:13  SCV, Barracks Reactor  
  22  2:17  Supply Depot  
  22  2:22  Refinery  
  22  2:25  SCV  
  23  2:39  SCV  
  24  2:51  SCV  
  24  2:53  Starport  
  24  3:01  Hellion x2  
  24  3:03  Marine  
  24  3:05  Orbital Command  
  29  3:08  SCV  
  30  3:20  SCV  
  30  3:22  Hellion x2, Barracks Tech Lab  
  35  3:36  SCV x2  
  35  3:37  Viking  
  37  3:52  SCV x2  
  37  3:53  Refinery  
  39  3:59  Fusion Core  
  33  4:04  SCV, Hellion  
  30  4:27  Command Center  
  30  4:29  Supply Depot  
Tags
 
Add a new tag
Caveats
  • Supply blocks, unpowered buildings, or Contaminate may cause inaccurate times.
  • Supply counts are checked every 10 seconds.